 Dungeon Crawl Stone Soup version 0.28-a0-1555-g9ae15a6949 (webtiles) character file.

Game seed: 6249574548090452216

14 psuckher the Sneak (level 2, 0/25 HPs)
             Began as a Barachi Delver on Jan 18, 2022.
             Slain by an adder (1 damage)
             ... on level 5 of the Dungeon.
             The game lasted 00:00:27 (54 turns).

psuckher the Sneak (Barachi Delver)                   Turns: 54, Time: 00:00:27

Health: 0/25       AC:  3    Str: 13    XL:     2   Next: 45%
Magic:  2/2        EV: 12    Int: 10    God:
Gold:   0          SH:  0    Dex: 13    Spells: 1/1 levels left

rFire   . . .      SeeInvis .   a - +0 short sword
rCold   . . .      Faith    .   (no shield)
rNeg    . . .      Spirit   .   b - +0 leather armour
rPois   .          Reflect  .   (no helmet)
rElec   .          Harm     .   (no cloak)
rCorr   .          Rampage  .   (no gloves)
Will    .....                   (no boots)
Stlth   +++.......              i - amulet of the acrobat
HPRegen 0.08/turn               (no ring)
MPRegen 0.08/turn               (no ring)

@: slow
A: amphibious, slowness 1, strong legs 1, +LOS
a: Hop


You were on level 5 of the Dungeon.
You visited 1 branch of the dungeon, and saw 1 of its levels.

Inventory:

Hand Weapons
 a - a +0 short sword (weapon)
Armour
 b - a +0 leather armour (worn)
Jewellery
 i - an amulet of the acrobat (around neck)
Wands
 g - a wand of digging (3)
Scrolls
 c - a scroll of fog
 d - a scroll of magic mapping
 e - a scroll of fear
 h - a scroll of immolation {unknown}
Potions
 f - a potion of haste


   Skills:
 + Level 3.8 Fighting
 + Level 2.3 Short Blades
 + Level 2.2 Dodging
 + Level 4.9 Stealth


You had one spell level left.
You didn't know any spells.
Your spell library contained the following spells:

 Spells                   Type           Power      Damage    Failure   Level
 Cause Fear               Hex            0%         N/A       99%         4
 Dragon Form              Tmut           0%         N/A       100%        7
 Dragon's Call            Summ           0%         N/A       100%        9


Dungeon Overview and Level Annotations

Branches:
Dungeon (5/15)
 Temple: D:4-7

Altars:


Innate Abilities, Weirdness & Mutations

You are amphibious.
You cover ground slowly.
You can hop short distances.
You have an extended range of vision and can be seen from far away.


Message History

You barely miss the ufetubus. The ufetubus misses you.
The ufetubus barely misses you.
The adder hisses angrily.
The ogre shouts!
You hit the ufetubus but do no damage. The ufetubus barely misses you.
The ufetubus misses you.
The ufetubus hits you but does no damage.
The ufetubus closely misses you.
You hit the ufetubus.
The ufetubus is almost dead.
The ufetubus closely misses you. x2
You miss the ufetubus.
The ufetubus is almost dead.
The ufetubus misses you. The ufetubus closely misses you.
The ufetubus barely misses you. The ufetubus closely misses you.
You hit the ufetubus.
You kill the ufetubus!
The ogre misses you.
You hit the adder.
The adder is lightly wounded.
The adder barely misses you. The adder bites you.
You hit the adder.
The adder is moderately wounded.
The ogre misses you. The adder misses you.
You closely miss the adder.
The adder is moderately wounded.
The adder barely misses you.
The ogre hits you with a +0 giant club!!
Ouch! That really hurt!
* * * LOW HITPOINT WARNING * * *
You barely miss the adder.
The adder is moderately wounded.
The adder misses you. The ogre closely misses you.
You closely miss the adder.
The adder is moderately wounded.
The adder bites you.
* * * LOW HITPOINT WARNING * * *
You barely miss the adder. You punch the adder, but do no damage.
The adder is moderately wounded.
The adder bites you.
You die...

###..##..##..........
...........#..........
.#...................
...#..............# #
#................# ..
#................##
.#.#.##.................#
.......O.............†...
#.S@........####....
.................# #.#..
.#.#.#............# #.##.
....<....###.....##.###
#.#.#.###.# #...#..####.
.>..# #.# ##....## ##
#.#.# ### .#.### #....
##.# ##.# .#


You could see an ogre and an adder.

Vanquished Creatures
  An adder (D:5)
  An ufetubus (D:5)
2 creatures vanquished.

Notes
Turn   | Place    | Note
-------+----------+-------------------------------------------
     0 | D:5      | psuckher the Barachi Delver began the quest for the Orb.
     0 | D:5      | Reached XP level 1. HP: 18/18 MP: 1/1
    21 | D:5      | Reached XP level 2. HP: 22/25 MP: 2/2
    39 | D:5      | Noticed an ogre
    53 | D:5      | HP: 1/25 [adder (2)]
    54 | D:5      | Slain by an adder

Illustrated notes

Levels and vault maps discovered:
D:5:      layout_layer_cave, nemelex_spade_bored_becter, serial_shops,
          kennysheep_mini_moat, st_stairs_13, moated_statue

Action                   || total
-------------------------++-------
Melee: Short sword       ||    20
       Punch             ||     1
Armor: Leather armour    ||     5
Dodge: Dodged            ||    30

Table legend: (Time is in decaauts)
 A = Elapsed time spent in this place.
 B = Non-inter-level travel time spent in this place.
 C = Inter-level travel time spent in this place.
 D = Time resting spent in this place.
 E = Time spent auto-exploring this place.
 F = Levels seen in this place.
 G = Mean time per level.
                   A        B        C        D        E       F      G
               +--------+--------+--------+--------+--------+-----+--------+
         Total |     59 |     59 |      0 |      0 |      0 |   1 |   59.0 |
       Dungeon |     59 |     59 |      0 |      0 |      0 |   1 |   59.0 |
               +--------+--------+--------+--------+--------+-----+--------+

Top non-repeatable levels by time:
     D:5: 59 daAuts
